 Dungeon Crawl Stone Soup version 0.27.1 (webtiles) character file.

Game seed: 17834986195035265692

2298 Malachi the Cleaver (level 9, -2/70 HPs)
             Began as a Hill Orc Fighter on Aug 20, 2021.
             Was an Initiate of Ru.
             Slain by a black bear (6 damage)
             ... on level 6 of the Dungeon.
             The game lasted 00:09:00 (7128 turns).

Malachi the Cleaver (Hill Orc Fighter)              Turns: 7128, Time: 00:09:00

Health: -2/70      AC: 16    Str: 22    XL:     9   Next: 40%
Magic:  9/9        EV:  7    Int:  8    God:    Ru [......]
Gold:   177        SH: 11    Dex: 12    Spells: 8/8 levels left

rFire    + + .     SeeInvis +   a - +0 war axe
rCold    . . .     Faith    .   c - +0 kite shield
rNeg     . . .     Spirit   .   o - +0 chain mail
rPois    .         Reflect  .   f - +1 helmet
rElec    .         Harm     .   g - +0 cloak
rCorr    .         Rampage  .   (no gloves)
Will     .....                  k - +0 pair of boots
Stlth    ..........             (no amulet)
HPRegen  0.21/turn              p - ring of see invisible
MPRegen  0.11/turn              m - ring of protection from fire

@: hasted, very quick
A: agile 1, fire resistance 1
a: Renounce Religion


You were on level 6 of the Dungeon.
You worshipped Ru.
Ru was noncommittal.
You visited 2 branches of the dungeon, and saw 7 of its levels.

You collected 177 gold pieces.

Inventory:

Hand Weapons
 a - a +0 war axe (weapon)
 e - a +4 quarterstaff of chaos
Missiles
 j - a throwing net (quivered)
Armour
 c - a +0 kite shield (worn)
 f - a +1 helmet (worn)
 g - a +0 cloak (worn)
 k - a +0 pair of boots (worn)
 o - a +0 chain mail (worn)
Jewellery
 m - a ring of protection from fire (right hand)
 p - a ring of see invisible (left hand)
Scrolls
 b - a scroll of enchant weapon
 h - 2 scrolls of teleportation
 i - a scroll of identify
 l - a scroll of holy word
 n - a scroll of fog


   Skills:
 - Level 3.6 Fighting
 * Level 9.6 Axes
 * Level 8.4 Armour
 * Level 8.4 Shields


You had 8 spell levels left.
You didn't know any spells.
Your spell library was empty.

Dungeon Overview and Level Annotations

Branches:
Dungeon (6/15)             Temple (1/1) D:5

Altars:
Cheibriados
Dithmenos
Elyvilon
Fedhas
Gozag
Hepliaklqana
Kikubaaqudgha
Makhleb
Nemelex Xobeh
Okawaru
Qazlal
Ru
Sif Muna
Trog
Uskayaw
Vehumet
Xom
Zin
The Shining One


Innate Abilities, Weirdness & Mutations

You are agile. (Dex +2)
Your flesh is heat resistant. (rF+)


Message History

* * * LOW HITPOINT WARNING * * *
The black bear barely misses you.
The black bear claws you but does no damage.
You block the gnoll sergeant's attack. You block the black bear's attack.
The black bear claws you.
* * * LOW HITPOINT WARNING * * *
You block the black bear's attack.
Unknown command.
You completely miss the black bear.
The black bear is almost dead.
You slash the gnoll sergeant! The black bear bites you.
* * * LOW HITPOINT WARNING * * *
The black bear barely misses you. x2; The gnoll sergeant closely misses you.
The black bear bites you.
* * * LOW HITPOINT WARNING * * *
The black bear claws you.
* * * LOW HITPOINT WARNING * * *
The black bear claws you but does no damage.
You block the gnoll sergeant's attack.
Unknown command.
Unknown command.
You feel yourself speed up.
The black bear bites you but does no damage.
The black bear barely misses you. x2; You block the gnoll sergeant's attack.
You barely miss the black bear.
The black bear is almost dead.
You slash the gnoll sergeant!
You kill the gnoll sergeant!
You block the black bear's attack. The black bear closely misses you.
The black bear claws you.
* * * LOW HITPOINT WARNING * * *
The black bear bites you.
* * * LOW HITPOINT WARNING * * *
The black bear claws you but does no damage. x2
You barely miss the black bear.
The black bear is almost dead.
You hit the black bear but do no damage.
The black bear is almost dead.
You block the black bear's attack. The black bear claws you.
You die...

#..##..#............###......#
##.g#.<.##...................##
#..ghh.###......(.............#
#....#..........................
#...###............#.............
##.. #..........###............
.... ........####.............
.... .......)###..............
... !.....h@#...###......... ..
#...##..#...###......... #
#.......##.........
##.............###.
###............)###.
#..............)....
.................[)###
......................#
.........##<...........


You could see a black bear (berserk).

Vanquished Creatures
  Grinder (D:5)
  Sigmund (D:5)
  2 steam dragons (D:5)
  3 necrophages
  An ogre (D:5)
  3 black bears
  5 scorpions
  A gnoll sergeant (D:6)
  A centaur zombie (D:6)
  A jelly (D:6)
  A bullfrog zombie (D:5)
  Crazy Yiuf (D:3)
  A hound (D:4)
  A centaur skeleton (D:4)
  2 orc priests
  5 orc wizards
  A killer bee zombie (D:5)
  A hound skeleton (D:4)
  A hound zombie (D:5)
  10 adders
  9 gnolls
  A shadow imp (D:6)
  A white imp (D:6)
  2 dart slugs
  A worm (D:3)
  23 orcs
  6 endoplasms
  3 giant cockroaches
  9 goblins
  6 hobgoblins
  5 jackals
  4 kobolds
  2 quokkas
  10 ball pythons
  8 bats
  4 frilled lizards
  7 rats
144 creatures vanquished.

Vanquished Creatures (others)
  4 fungi (D:5)
  3 plants (D:4)
7 creatures vanquished.

Grand Total: 151 creatures vanquished

Notes
Turn   | Place    | Note
-------+----------+-------------------------------------------
     0 | D:1      | Malachi the Hill Orc Fighter began the quest for the Orb.
     0 | D:1      | Reached XP level 1. HP: 19/19 MP: 1/1
   119 | D:1      | Reached skill level 3 in Axes
   136 | D:1      | Reached XP level 2. HP: 26/26 MP: 2/2
   395 | D:1      | Reached XP level 3. HP: 22/31 MP: 3/3
   882 | D:1      | Found a faded altar of an unknown god.
  1279 | D:2      | Reached XP level 4. HP: 39/39 MP: 4/4
  1697 | D:2      | Reached skill level 4 in Axes
  2292 | D:3      | Reached XP level 5. HP: 45/45 MP: 5/5
  2447 | D:3      | Found a runed translucent door.
  2448 | D:3      | Noticed Crazy Yiuf
  2453 | D:3      | Gained mutation: Your flesh is heat resistant. (rF+)
                  | [potion of mutation]
  2453 | D:3      | Gained mutation: You are agile. (Dex +2) [potion of
                  | mutation]
  2834 | D:3      | Killed Crazy Yiuf
  3042 | D:3      | Noticed a black bear
  3048 | D:3      | Killed a black bear
  3049 | D:3      | Reached skill level 5 in Axes
  3049 | D:3      | Reached skill level 5 in Armour
  3049 | D:3      | Reached skill level 5 in Shields
  3049 | D:3      | Reached XP level 6. HP: 49/51 MP: 6/6
  3458 | D:4      | Noticed a necrophage
  3463 | D:4      | Killed a necrophage
  3533 | D:4      | Noticed a black bear
  3548 | D:4      | Reached skill level 6 in Axes
  3548 | D:4      | Reached XP level 7. HP: 32/57 MP: 7/7
  3833 | D:4      | Found a radiant altar of Vehumet.
  4335 | D:5      | Entered Level 5 of the Dungeon
  4346 | D:5      | Reached skill level 7 in Axes
  4382 | D:5      | Reached XP level 8. HP: 47/64 MP: 8/8
  5144 | D:5      | Noticed Sigmund
  5155 | D:5      | Killed Sigmund
  5156 | D:5      | Reached skill level 8 in Axes
  5390 | D:5      | Found a staircase to the Ecumenical Temple.
  5429 | Temple   | Entered the Ecumenical Temple
  5495 | Temple   | Became a worshipper of Ru the Awakened
  5719 | D:5      | Noticed Grinder
  5728 | D:5      | Killed Grinder
  5729 | D:5      | Reached skill level 9 in Axes
  5729 | D:5      | Reached XP level 9. HP: 67/70 MP: 9/9
  7128 | D:6      | Slain by a black bear

Illustrated notes

Levels and vault maps discovered:
D:1:      minmay_arrival_three_doors, layout_loops_ring,
          shapermc_ecumenical_altar_mp_vishouse
D:2:      layout_basic
D:3:      layout_rooms, minmay_strange_pillars, kennysheep_flooded_box,
          uniq_crazy_yiuf_cottage
D:4:      layout_loops_ring, lemuel_tele_altar, guppyfry_early_lair_pool
D:5:      kennysheep_steamy, layout_basic, minmay_temple_entry_arrows,
          minmay_holes, uniq_sigmund, uniq_grinder
D:6:      layout_cave_pools
Temple:   compressed_dpeg_circular_temple

Skill      XL: |  1  2  3  4  5  6  7  8  9 |
---------------+----------------------------+-----
Axes           | 3 4 5 6 7 9 |  9.6
Armour         | 4 5 6 7 8 |  8.4
Shields        | 4 5 6 7 8 |  8.4
Fighting       | |  3.6

Action                   |  1- 3 |  4- 6 |  7- 9 || total
-------------------------+-------+-------+-------++-------
Melee: War axe           |   103 |   178 |   254 ||   535
  Use: Scroll            |     2 |     4 |     4 ||    10
       Potion            |       |     4 |     3 ||     7
Armor: Scale mail        |    54 |    88 |    79 ||   221
       Chain mail        |       |       |   133 ||   133
Dodge: Dodged            |    42 |    64 |   103 ||   209
Block: Kite shield       |    55 |   117 |   201 ||   373
